 Dungeon Crawl Stone Soup version 0.28.0-55-gcd9437bce4 (webtiles) character file.

Game seed: 5829788274136419791

54 Atelerd the Digger (level 3, -2/21 HPs)
             Began as an Octopode Earth Elementalist on Jan 5, 2023.
             Slain by a quokka (3 damage)
             ... while paralysed by Grinder
             ... on level 3 of the Dungeon.
             The game lasted 00:01:24 (1976 turns).

Atelerd the Digger (Octopode Earth Elementalist)    Turns: 1976, Time: 00:01:24

Health: -2/21      AC:  1    Str:  7    XL:     3   Next: 91%
Magic:  7/7        EV:  2    Int: 19    God:
Gold:   63         SH:  0    Dex: 12    Spells: 6/7 levels left

rFire   . . .      SeeInvis .   h - +0 dagger
rCold   . . .      Faith    .   (no shield)
rNeg    . . .      Spirit   .   (helmet restricted)
rPois   .          Reflect  .   (no amulet)
rElec   .          Harm     .   (no ring)
rCorr   .          Rampage  .   (no ring)
Will    .....                   (no ring)
Stlth   +++.......              (no ring)
HPRegen 0.07/turn               (no ring)
MPRegen 0.10/turn               (no ring)
                                (no ring)
                                (no ring)

@: paralysed
A: almost no armour, amphibious, 8 rings, camouflage 1, gelatinous body 1,
(nimble swimmer 1), tentacles
a: no special abilities


You were on level 3 of the Dungeon.
You visited 1 branch of the dungeon, and saw 3 of its levels.

You collected 63 gold pieces.

Inventory:

Hand Weapons
 h - a +0 dagger (weapon)
Missiles
 b - 33 stones
Jewellery
 d - a ring of magical power
Scrolls
 a - a scroll of torment {unknown}
 e - a scroll of summoning {unknown}
 f - 2 scrolls of teleportation {unknown}
 l - a scroll of fear {unknown}
Potions
 c - a potion of curing
 g - a potion of degeneration {unknown}
 i - a potion of haste {unknown}
 j - a potion of heal wounds {unknown}
 k - a potion of magic {unknown}


   Skills:
 - Level 2.0 Dodging
 + Level 2.9 Stealth
 + Level 2.7 Spellcasting
 + Level 1.0 Transmutations
 + Level 4.1 Earth Magic


You had 6 spell levels left.
You knew the following spells:

 Your Spells              Type           Power      Damage    Failure   Level
a - Sandblast             Erth           36%        2d10      3%          1

Your spell library contained the following spells:

 Spells                   Type           Power      Damage    Failure   Level
 Passwall                 Tmut/Erth      10%        N/A       9%          2
 Stone Arrow              Conj/Erth      20%        3d8       21%         3
 Petrify                  Tmut/Erth      12%        N/A       47%         4


Dungeon Overview and Level Annotations

Branches:
Dungeon (3/15)

Altars:

Shops:
D:2 [

Annotations:
D:2 Sigmund
D:3 Grinder, Ijyb, Terence


Innate Abilities, Weirdness & Mutations

You cannot wear most types of armour.
You are amphibious.
You can wear up to eight rings at the same time.
Your skin changes colour to match your surroundings (Stealth+).
Your rubbery body absorbs attacks. (AC +1, EV +1)
((You are camouflaged when in or above water. (Stealth+)))
You have tentacles for arms and can constrict up to eight enemies at once.


Message History

The jackal misses you.
You barely miss the jackal. You grab the jackal. You constrict the jackal.
The jackal barely misses you.
You barely miss the jackal.
The jackal is moderately wounded.
You constrict the jackal. The jackal closely misses you.
You hit the jackal but do no damage.
The jackal is heavily wounded.
You constrict the jackal, but do no damage.
The jackal barely misses you. x2
You hit the jackal but do no damage.
The jackal is heavily wounded.
You constrict the jackal. The jackal misses you. Terence shouts, "Now you die!"
You hit the jackal.
You kill the jackal!
You open the door. Terence barely misses you.
Terence says, "Time to say good-bye..."
There is an open door here.
Terence says, "How do you enjoy it?"
Ijyb the Twisted Goblin comes into view.
She is wielding a +0 dagger and carrying a wand of acid (4).
The helpless Ijyb fails to defend herself.
You puncture Ijyb! Your grab misses Ijyb.
Ijyb is moderately wounded.
Ijyb misses you. Ijyb hits you with a +0 dagger.
Found 8 gold pieces.
Grinder comes into view.
Grinder shouts!
You hear a shout!
An endoplasm comes into view.
Grinder gestures at you.
You suddenly lose the ability to move!
Terence hits you with a +0 flail.
* * * LOW HITPOINT WARNING * * *
Grinder blinks!
Terence says, "Rest in peace."
Terence hits you with a +0 flail.
* * * LOW HITPOINT WARNING * * *
The quokka bites you.
You die...

.......#. .#.§ .$
#....... J#. #.
#.......
.$..##..#.....#. #
...(....#...#.#@
#.#####.#
.....#...g...
#....... #.........g
#. #.r.# #.#.....<##
#.##.#@# #.#..###.#
#....#@# #......#.#
#g..g# ##.....#+##
#.#### #.........
#.##########.........
#...r.....(....#.....
#####g.g.....###.....
#........'.†.####
#........#####


You could see Ijyb, Terence, an endoplasm and a quokka.

Vanquished Creatures
  2 adders
  A dart slug (D:2)
  3 bats
  2 endoplasms
  2 giant cockroaches (D:2)
  2 goblins (D:1)
  2 hobgoblins
  5 jackals (D:3)
  3 kobolds
  A quokka (D:1)
  A ball python (D:1)
  4 frilled lizards
  6 rats
34 creatures vanquished.

Notes
Turn   | Place    | Note
-------+----------+-------------------------------------------
     0 | D:1      | Atelerd the Octopode Earth Elementalist began the quest for
                  | the Orb.
     0 | D:1      | Reached XP level 1. HP: 11/11 MP: 3/3
   247 | D:1      | Found a faded altar of an unknown god.
   300 | D:1      | Reached XP level 2. HP: 17/17 MP: 3/5
   972 | D:2      | Reached XP level 3. HP: 14/21 MP: 2/6
  1392 | D:2      | Found Ugov's Antique Armour Shop.
  1589 | D:2      | Noticed Sigmund
  1911 | D:3      | Reached skill level 4 in Earth Magic
  1916 | D:3      | Noticed Terence
  1967 | D:3      | Noticed Ijyb
  1974 | D:3      | Noticed Grinder
  1974 | D:3      | Paralysed by Grinder for 5 turns
  1976 | D:3      | HP: 1/21 [Terence/+0 flail (4)]
  1976 | D:3      | Slain by a quokka

Illustrated notes

Levels and vault maps discovered:
D:1:      wander_arrival_peaceful_grave, layout_basic, basic_ecumenical_altar
D:2:      layout_loops_cross, serial_shops, shop, minmay_cupped, uniq_sigmund
D:3:      layout_basic, uniq_jessica, uniq_robin, uniq_ijyb, uniq_terence,
          uniq_grinder

Skill      XL: |  1  2  3 |
---------------+----------+-----
Earth Magic    | 4 |  4.1
Dodging        | |  2.0
Stealth        | |  2.9
Spellcasting   | |  2.7
Transmutations | |  1.0

Action                   || total
-------------------------++-------
Melee: Unarmed           ||     5
       Constrict         ||     8
       Tentacles         ||     7
       Dagger            ||    20
       Punch             ||     1
 Cast: Sandblast         ||    32
  Use: Potion            ||     1
 Stab: Sleeping          ||     2
Armor: Skin              ||     3
Dodge: Dodged            ||    38
